 Dungeon Crawl Stone Soup version 0.31.0-32-g396128a36d (webtiles) character file.

Game seed: 9337974647212339663

14805 adizb the Fighter (level 11, -5/97 HPs)
             Began as a Black Draconian Fighter on Apr 13, 2024.
             Was a Priest of the Shining One.
             Slain by a dream sheep (22 damage)
             ... on level 3 of the Lair of Beasts.
             The game lasted 00:48:53 (7809 turns).

adizb the Fighter (Black Draconian Fighter)         Turns: 7809, Time: 00:48:54

Health: -5/97      AC: 12    Str: 29    XL:     11   Next: 93%
Magic:  18/18      EV:  2    Int:  9    God:    the Shining One [***...]
Gold:   497        SH:  0    Dex: 10    Spells: 18/20 levels left

rFire   . . .        i - +5 war axe (flame)
rCold   x . .        x - +1 kite shield
rNeg    + . .        (body armour unavailable)
rPois   +            (helmet restricted)
rElec   +            (no cloak)
rCorr   .            (no gloves)
SInv    .            t - +0 pair of boots
Will    .....        (no amulet)
Stlth   +            v - +6 ring of strength
HPRegen 0.36/turn    h - +4 ring of protection
MPRegen 0.16/turn

%: no passive effects
@: divinely shielded, short of breath, sleeping, glowing
A: breathe lightning, AC +7, unfitting armour, electricity resistance,
cold-blooded, poison resistance, cold vulnerability 1
a: Breathe Lightning, Renounce Religion, Divine Shield, Cleansing Flame


You were on level 3 of the Lair of Beasts.
You worshipped the Shining One.
The Shining One was most pleased with you.
You visited 2 branches of the dungeon, and saw 11 of its levels.
You also visited: Ossuary.

You collected 497 gold pieces.

Inventory:

Hand Weapons
 i - a +5 war axe of flaming (weapon)
 j - a +3 war axe of freezing
Missiles
 b - 5 curare-tipped darts
 e - a throwing net
Armour
 t - a +0 pair of boots (worn)
 x - a +1 kite shield (worn)
Jewellery
 h - a +4 ring of protection (right hand)
 k - a +6 ring of dexterity
 v - a +6 ring of strength (left hand)
 w - a ring of resist corrosion
 B - a +6 ring of strength
 D - a ring of poison resistance
Talismans
 d - a maw talisman
Wands
 a - a wand of iceblast (32)
 m - a wand of paralysis (3)
 y - a wand of polymorph (7)
Scrolls
 l - 5 scrolls of revelation
 o - a scroll of vulnerability
 r - 6 scrolls of amnesia
Potions
 c - 3 potions of attraction
 f - 3 potions of lignification
 n - 3 potions of curing
 p - 2 potions of haste
 q - a potion of enlightenment
 s - a potion of cancellation
 A - a potion of brilliance
 C - a potion of ambrosia
 E - a potion of magic


   Skills:
 + Level 9.2 Fighting
 + Level 9.1 Axes
 + Level 7.4 Dodging
 * Level 8.5 Shields
 - Level 5.2 Spellcasting
 + Level 1.9 Conjurations
 + Level 7.4 Air Magic
 + Level 1.9 Alchemy
 + Level 7.0 Invocations


You had 18 spell levels left.
You knew the following spells:

 Your Spells              Type           Power      Damage    Failure   Level
a - Mercury Vapours       Alch/Air       20%        N/A       9%          2

Your spell library contained the following spells:

 Spells                   Type           Power      Damage    Failure   Level
 Cigotuvi's Dreadful Rot  Necr/Alch/Air  16%        N/A       17%         2
 Sting                    Conj/Alch      20%        1d4       19%         1
 Mephitic Cloud           Conj/Alch/Air  9%         N/A       26%         3
 Slow                     Hex            8%         N/A       38%         1
 Momentum Strike          Conj/Tloc      8%         3d8       38%         2
 Blink                    Tloc           4%         N/A       52%         2
 Lesser Beckoning         Tloc           4%         N/A       52%         2
 Confusing Touch          Hex            2%         N/A       77%         3
 Sigil of Binding         Hex            2%         N/A       77%         3
 Vampiric Draining        Necr           2%         2d6       77%         3
 Olgreb's Toxic Radiance  Alch           5%         N/A       87%         4
 Ignite Poison            Fire/Alch      4%         N/A       95%         4
 Freezing Cloud           Conj/Ice/Air   3%         6-21      97%         5
 Alistair's Intoxication  Alch           3%         N/A       99%         5
 Borgnjor's Vile Clutch   Necr/Erth      1%         N/A       100%        5
 Summon Forest            Summ/Tloc      1%         N/A       100%        5
 Eringya's Noxious Bog    Alch           2%         4d6       100%        6
 Summon Hydra             Summ           1%         N/A       100%        7


Dungeon Overview and Level Annotations

Branches:
Dungeon (8/15)             Temple (0/1) D:6            Lair (3/5) D:8
Ossuary (visited)
  Swamp: Lair:2-3    Shoals: Lair:2-3     Snake: Lair:2-3    Spider: Lair:2-3

Altars:
Gozag
Hepliaklqana
Nemelex Xobeh
Qazlal
Sif Muna
Vehumet
Wu Jian
Yredelemnul
The Shining One


Innate Abilities, Weirdness & Mutations

You can breathe wild blasts of lightning.
Your glossy black scales are hard. (AC +7)
You cannot fit into any form of body armour.
You are resistant to electric shocks. (rElec)
You are cold-blooded and may be slowed by cold attacks.
Your system is resistant to poisons. (rPois)
You are vulnerable to cold. (rC-)


Message History

The dream sheep is engulfed in poison gas.
The dream sheep is poisoned.
The dream sheep headbutts the fungus.
The fungus begins to die.
Activating: Breathe Lightning (3% risk of failure)
Press: ? - help, Q - select action, (/) - cycle Dir - look around, f - activate You breathe a wild blast of lightning!
The orb of electricity explodes!
The orb of electricity engulfs the fungus!!!
The fungus is lightly damaged.
The orb of electricity engulfs the dream sheep.
The dream sheep is moderately wounded.
The orb of electricity engulfs the dream sheep.
The dream sheep is lightly wounded.
The orb of electricity engulfs you. You resist.
* * * LOW HITPOINT WARNING * * *
The orb of electricity engulfs the dream sheep.
The dream sheep is lightly wounded.
The orb of electricity engulfs the dream sheep!
The dream sheep is heavily wounded.
The orb of electricity engulfs the dream sheep!!
You kill the dream sheep!
You hear an angry hiss.
The dream sheep is engulfed in poison gas.
The dream sheep looks even sicker.
The dream sheep is engulfed in poison gas.
The dream sheep looks even sicker.
You slice the dream sheep!! You burn the dream sheep.
You kill the dream sheep!
You hit the fungus. You burn the fungus. You slash the dream sheep!
You burn the dream sheep.
You kill the dream sheep!
The dream sheep is engulfed in poison gas.
The dream sheep is poisoned.
The dream sheep shake their wool and sparkle.
You feel drowsy...
You fall asleep.
A nearby fungus withers and dies.
The dream sheep is engulfed in poison gas.
The dream sheep looks even sicker.
The dream sheep headbutts you!!
You die...

........$ ☼.☼............
..☼P#☼#........ ☼..§§+........
...°☼#....# ♣.....## #..○ #)..##
§ ♣♣.....P# ##○Y. #...#
.♣♣PP...[. #.Y####.☼○#
...PP....### ##☼@.○.°.○.#
#.P.....#.###.○....☼○☼°##### ##
#.P......○§☼.○○☼☼..○○○##..##P##
#.......☼.°°○°§...☼°.☼.........
####......○.○..○.°..☼.°..........
.......###§§°..○.☼..☼#§#......###
.......P####...☼...####.#.##..#
........P# ##☼..§.○# #####..>#
.......### #..†..†# ##..#


You could see 2 dream sheep.

Vanquished Creatures
  A hydra (Lair:2)
  Sonja (Lair:3)
  Pikel (D:8)
  2 black mambas (Lair:3)
  A torpor snail (Lair:2)
  3 cane toads
  Grinder (D:3)
  A tyrant leech (Lair:3)
  14 blink frogs
  3 dream sheep (Lair:3)
  13 yaks
  A swamp worm (Lair:3)
  15 water moccasins
  4 orc warriors
  A sky beast (D:6)
  An ice beast (D:7)
  4 ogres
  6 black bears
  4 wolves (Lair:1)
  2 centaurs (D:7)
  A phantom (D:6)
  A lemure (D:8)
  A kobold brigand (D:6)
  3 scorpions
  8 bullfrogs
  A gnoll sergeant (D:8)
  7 wights (D:6)
  A howler monkey (D:6)
  A jelly (D:6)
  3 orc priests (D:5)
  2 sleepcaps
  5 iguanas
  7 orc wizards
  4 crocodile zombies (Ossuary)
  4 hound zombies (Ossuary)
  7 mummies (Ossuary)
  2 howler monkey zombies (Ossuary)
  6 gnolls
  8 adders
  A shadow imp (D:7)
  A white imp (D:6)
  A dart slug (D:3)
  4 ribbon worms
  25 orcs
  7 endoplasms
  2 giant cockroaches
  9 goblins
  6 hobgoblins
  3 jackals (D:5)
  4 quokkas
  3 ball pythons
  3 ball python zombies (Ossuary)
  8 bats
  3 frilled lizards
  4 kobolds
  5 rats
240 creatures vanquished.

Vanquished Creatures (collateral kills)
  A bullfrog (Lair:1)
1 creature vanquished.

Grand Total: 241 creatures vanquished

Notes
Turn   | Place    | Note
-------+----------+-------------------------------------------
     0 | D:1      | adizb the Draconian Fighter began the quest for the Orb.
     0 | D:1      | Reached XP level 1. HP: 19/19 MP: 1/1
   128 | D:1      | Reached XP level 2. HP: 26/26 MP: 2/2
   781 | D:2      | Reached XP level 3. HP: 18/31 MP: 3/3
   899 | D:2      | Found a glowing golden altar of the Shining One.
   944 | D:2      | Became a worshipper of the Shining One
  1069 | D:2      | Reached XP level 4. HP: 18/40 MP: 4/4
  1479 | D:3      | Noticed a black bear
  1489 | D:3      | Killed a black bear
  1490 | D:3      | Reached XP level 5. HP: 36/46 MP: 5/5
  2028 | D:3      | Noticed Grinder
  2048 | D:3      | Killed Grinder
  2049 | D:3      | Reached XP level 6. HP: 20/53 MP: 6/6
  2288 | D:4      | Found a sand-covered staircase.
  2302 | Ossuary  | Entered an ossuary
  2431 | Ossuary  | Reached skill level 5 in Axes
  2432 | Ossuary  | Your scales start taking on a glossy black colour.
  2432 | Ossuary  | Reached XP level 7. HP: 46/60 MP: 7/7
  2432 | Ossuary  | Gained mutation: You are resistant to electric shocks.
                  | (rElec) [Black Draconian growth]
  2436 | Ossuary  | Reached * piety under the Shining One
  2477 | Ossuary  | Reached skill level 5 in Fighting
  2691 | Ossuary  | Reached ** piety under the Shining One
  3018 | D:4      | Found a basalt altar of Yredelemnul.
  3033 | D:4      | Found a hazy altar of Hepliaklqana.
  3047 | D:4      | Found a sparkling altar of Nemelex Xobeh.
  3193 | D:5      | Entered Level 5 of the Dungeon
  3248 | D:5      | Noticed a hornet
  3263 | D:5      | a hornet changed into a bat
  3544 | D:5      | Reached skill level 1 in Invocations
  3555 | D:5      | Reached skill level 5 in Shields
  3681 | D:5      | Reached XP level 8. HP: 69/69 MP: 9/9
  3762 | D:5      | Found a radiant altar of Vehumet.
  3863 | D:6      | Found a staircase to the Ecumenical Temple.
  3949 | D:6      | Reached skill level 1 in Air Magic
  4006 | D:6      | Reached skill level 1 in Spellcasting
  4187 | D:6      | Reached skill level 5 in Dodging
  4255 | D:6      | Identified a scroll of acquirement
  4255 | D:6      | Acquired a +5 war axe of flaming
  4255 | D:6      | The Shining One protects you from harm!
  4295 | D:6      | Reached XP level 9. HP: 19/75 MP: 12/12
  4345 | D:6      | Gained mutation: Your spells are a little easier to cast,
                  | but a little less powerful. [potion of mutation]
  4680 | D:6      | Found an ornate altar of the Wu Jian Council.
  4718 | D:6      | Found a glowing golden altar of the Shining One.
  4970 | D:7      | Reached *** piety under the Shining One
  5008 | D:7      | Found an opulent altar of Gozag.
  5792 | D:7      | Found a stormy altar of Qazlal.
  5943 | D:8      | Lost mutation: Your spells are a little easier to cast, but
                  | a little less powerful. [potion of mutation]
  5943 | D:8      | Gained mutation: You are vulnerable to cold. (rC-) [potion
                  | of mutation]
  5943 | D:8      | Gained mutation: Your tail ends in a venomous barb. [potion
                  | of mutation]
  5943 | D:8      | Gained mutation: You are weak. (Str -2) [potion of
                  | mutation]
  5976 | D:8      | Found a shimmering blue altar of Sif Muna.
  5993 | D:8      | Noticed Pikel
  6009 | D:8      | Killed Pikel
  6010 | D:8      | Reached XP level 10. HP: 77/86 MP: 15/15
  6085 | D:8      | Reached skill level 5 in Air Magic
  6087 | D:8      | HP: 4/86 [gnoll sergeant/+0 spear (3)]
  6340 | D:8      | Found a staircase to the Lair.
  6348 | D:8      | Reached skill level 5 in Invocations
  6398 | Lair:1   | Entered Level 1 of the Lair of Beasts
  6537 | Lair:1   | Noticed a cane toad
  6554 | Lair:1   | Killed a cane toad
  6607 | Lair:1   | Noticed a cane toad
  6745 | Lair:1   | Killed a cane toad
  6797 | Lair:1   | Reached XP level 11. HP: 29/94 MP: 18/18
  7208 | Lair:2   | Lost mutation: You are weak. (Str -2) [potion of mutation]
  7208 | Lair:2   | Lost mutation: Your tail ends in a venomous barb. [potion
                  | of mutation]
  7208 | Lair:2   | Gained mutation: Your system is resistant to poisons.
                  | (rPois) [potion of mutation]
  7233 | Lair:2   | Reached skill level 5 in Spellcasting
  7360 | Lair:2   | Noticed an eight-headed hydra
  7370 | Lair:2   | HP: 2/95 [five-headed hydra (4)]
  7373 | Lair:2   | Killed a four-headed hydra
  7527 | Lair:2   | Learned a level 2 spell: Mercury Vapours
  7648 | Lair:3   | Reached skill level 1 in Conjurations
  7650 | Lair:3   | Reached skill level 1 in Alchemy
  7733 | Lair:3   | Noticed Sonja
  7784 | Lair:3   | Killed Sonja
  7809 | Lair:3   | Slain by a dream sheep

Illustrated notes

Levels and vault maps discovered:
D:1:      dpeg_arrival_line_fractal, layout_basic
D:2:      cheibrodos_helix_gallery, layout_basic, basic_altar,
          nrook_loot_triangle
D:3:      layout_loops_ring, hangedman_abyss_or_decor_stabs,
          serial_bayou_pond_a, nicolae_elevator_lobby_plus, uniq_grinder
D:4:      layout_cave_pods, mainiacjoe_overflow_small_starburst,
          kennysheep_mini, mainiacjoe_overflow_tiny_flanked,
          nicolae_ossuary_entry_monument
D:5:      layout_basic, amcnicky_altar_gilded
D:6:      minmay_bubble_buster, layout_basic, mainiacjoe_overflow_two_lobes,
          minmay_temple_entry_tees, grunt_ministairs_11,
          nicolae_figureground_pulse
D:7:      layout_basic, nicolae_qazlal_style_of_elements,
          grunt_gozag_breadcrumbs
D:8:      layout_rooms, fedhas_ov_isle_minmay, led_sif_book,
          due_lair_maze_entry_diamond, uniq_pikel, uniq_maggie
Lair:1:   layout_hall_layers, chequers_serial_rivers_micro_d, lemuel_fruit_tree
Lair:2:   layout_loops_ring, columned_hall_lemuel
Lair:3:   layout_chaotic_city, minmay_swamp_entry_worms,
          minmay_snake_entry_six_corridors, infiniplex_staircase_pool_2,
          uniq_sonja

Skill      XL: |  1  2  3  4  5  6  7  8  9 10 11 |
---------------+----------------------------------+-----
Dodging        | 3 4 5 6 7 |  7.4
Axes           | 3 4 5 6 7 8 9 |  9.1
Fighting       | 4 5 6 7 8 9 |  9.2
Shields        | 4 5 6 7 8 |  8.5
Invocations    | 1 3 4 6 7 |  7.0
Air Magic      | 2 4 6 7 |  7.4
Spellcasting   | 2 3 4 5 |  5.2
Conjurations   | 1 |  1.9
Alchemy        | 1 |  1.9

Action                     |  1- 3 |  4- 6 |  7- 9 | 10-12 || total
---------------------------+-------+-------+-------+-------++-------
  Melee: War axe           |    94 |    87 |   261 |   189 ||   631
         Tailslap          |    10 |    10 |    55 |    19 ||    94
  Throw: Throwing net      |     1 |     2 |       |     1 ||     4
 Invoke: Divine Shield     |       |       |     4 |     3 ||     7
Ability: Breathe Lightning |       |       |    24 |    17 ||    41
  Evoke: Wand              |       |       |     1 |     5 ||     6
    Use: Scroll            |       |     8 |    10 |     6 ||    24
         Potion            |       |     1 |     9 |     3 ||    13
 Armour: Skin              |    56 |    38 |   145 |   165 ||   404
  Dodge: Dodged            |    55 |    44 |   156 |   108 ||   363
  Block: Buckler           |    21 |    22 |    95 |    62 ||   200
         Kite shield       |       |       |       |    37 ||    37
